 Dungeon Crawl Stone Soup version 0.19.1 (webtiles) character file.

28 Gargoyl the Skirmisher (level 3, 0/33 HPs)
             Began as a Ghoul Abyssal Knight on Dec 22, 2016.
             Was a Follower of Lugonu.
             Slain by a gnoll
             ... wielding a +2 halberd of protection
              (7 damage)
             ... on level 1 of the Dungeon.
             The game lasted 00:01:11 (699 turns).

Gargoyl the Skirmisher (Ghoul Abyssal Knight)        Turns: 699, Time: 00:01:12

Health: 0/33       AC:  4    Str: 15    XL:     3   Next: 12%
Magic:  3/3        EV: 11    Int:  7    God:    Lugonu [*.....]
Gold:   15         SH:  0    Dex:  9    Spells: 0 memorised, 2 levels left

rFire  . . .     SeeInvis .     a - +1 hand axe
rCold  + . .     Gourm    .     b - +0 leather armour
rNeg   + + +     Faith    .     (no shield)
rPois  ∞         Spirit   .     (no helmet)
rElec  .         Reflect  .     (no cloak)
rCorr  .         Harm     .     (no gloves)
MR     .....                    d - +0 pair of boots
Stlth  +.........               (no amulet)
                                (no ring)
                                (no ring)

@: rotting
A: rotting body, claws 1, carnivore 3, cold resistance 1, negative energy
resistance 3, slow regeneration 1, torment resistance, unbreathing
a: Depart the Abyss, Renounce Religion


You were on level 1 of the Dungeon.
You worshipped Lugonu.
Lugonu was aware of your devotion.
You were not hungry.

You visited 1 branch of the dungeon, and saw 1 of its levels.
You visited the Abyss 1 time.

You collected 15 gold pieces.

Inventory:

Hand Weapons
 a - a +1 hand axe (weapon)
Armour
 b - a +0 leather armour (worn)
 d - a +0 pair of boots (worn)
Scrolls
 g - a scroll of teleportation {unknown}
 i - a scroll of identify {unknown}
Potions
 e - 2 potions of agility {unknown}
 h - a potion of berserk rage {unknown}
Comestibles
 c - 2 meat rations
 f - 2 chunks of flesh


   Skills:
 + Level 3.8 Fighting
 + Level 2.1 Axes
 * Level 2.2 Armour
 + Level 0.8 Dodging
 * Level 2.3 Invocations


You had 2 spell levels left.
You didn't know any spells.

Dungeon Overview and Level Annotations

Branches:
Dungeon (1/15)

Altars:


Innate Abilities, Weirdness & Mutations

Your body is rotting away.
You thrive on raw meat.
You are immune to poison.
You have sharp fingernails.
You are carnivorous and can eat meat at any time.
Your flesh is cold resistant. (rC+)
You are immune to negative energy. (rN+++)
You regenerate slowly when monsters are visible.
You are immune to unholy pain and torment.
You can survive without breathing.


Message History

You hit the kobold.
You kill the kobold!
Lugonu accepts your kill.
You see here a short sword.
Eat one of 3 chunks of flesh? (ye/n/q)
You start eating one of the 3 chunks of flesh.
This raw flesh tastes great!
You see here a short sword.
A gnoll comes into view. It is wielding a halberd of protection.
The gnoll shouts!
The gnoll closely misses you.
You barely miss the gnoll.
The gnoll hits you with a halberd of protection!
You barely miss the gnoll.
The gnoll hits you with a halberd of protection!
* * * LOW HITPOINT WARNING * * *
You hit the gnoll.
The gnoll is lightly wounded.
The gnoll hits you with a halberd of protection!
You die...

# # # ###### #
#....# # #....# #
#....#
#########....#####
.................#
################@#
#g# #.# ## ... .#
... .# #...# .#
#...# .# ##.#. .#


You could see a gnoll.

Vanquished Creatures
  2 oozes (D:1)
  A leopard gecko (D:1)
  2 bats (D:1)
  2 hobgoblins (D:1)
  2 jackals (D:1)
  2 kobolds (D:1)
  2 ball pythons (D:1)
  A frilled lizard (D:1)
  2 goblins (D:1)
16 creatures vanquished.

Notes
Turn   | Place    | Note
-------+----------+-------------------------------------------
     0 | Abyss:1  | Gargoyl the Ghoul Abyssal Knight began the quest for the Orb.
     0 | Abyss:1  | Reached XP level 1. HP: 19/19 MP: 1/1
   146 | Abyss:1  | Noticed a small abomination
   148 | D:1      | Escaped the Abyss
   398 | D:1      | Reached XP level 2. HP: 25/27 MP: 2/2
   473 | D:1      | Reached * piety under Lugonu
   512 | D:1      | Reached XP level 3. HP: 31/33 MP: 3/3
   699 | D:1      | Slain by a gnoll

Skill      XL: |  1  2 |
---------------+-------+-----
Armour         | 2 |  2.2
Axes           | 2 |  2.1
Fighting       | |  3.8
Dodging        | |  0.8
Invocations    | |  2.3

Action                   || total
-------------------------++-------
Melee: Hand axe          ||    48
Invok: Depart the Abyss  ||     1
  Eat: Chunk             ||    11
Armor: Leather armour    ||    15
Dodge: Dodged            ||    28
